 Dungeon Crawl Stone Soup version 0.27.1-2-g3b301248ec (webtiles) character file.

Game seed: 3864205591355268058

2191 vvl the Ruffian (level 9, -9/67 HPs)
             Began as a Demonspawn Fighter on Sept 28, 2021.
             Mangled by a white ugly thing (11 damage)
             ... on level 7 of the Dungeon.
             The game lasted 00:22:54 (10219 turns).

vvl the Ruffian (Demonspawn Fighter)               Turns: 10219, Time: 00:22:55

Health: -9/67      AC:  6    Str: 20    XL:     9   Next: 12%
Magic:  0/13       EV: 10    Int: 10    God:
Gold:   375        SH: 13    Dex: 12    Spells: 13/13 levels left

rFire    . . .     SeeInvis .     - Unarmed
rCold    + . .     Faith    .   b - +0 kite shield
rNeg     . . .     Spirit   +   s - +3 leather armour
rPois    .         Reflect  .   (no helmet)
rElec    .         Harm     .   (no cloak)
rCorr    .         Rampage  .   (gloves unavailable)
Will     .....                  (no boots)
Stlth    +.........             e - amulet of guardian spirit
HPRegen  0.21/turn              g - ring of protection from cold
MPRegen  0.13/turn              (no ring)

@: unable to read
A: claws 3, demonic guardian 1, condensation shield, inability to read while
threatened, MP-powered wands
a: no special abilities


You were on level 7 of the Dungeon.
You visited 2 branches of the dungeon, and saw 8 of its levels.
You also visited: Ossuary.

You collected 375 gold pieces.

Inventory:

Armour
 b - a +0 kite shield (worn)
 s - a +3 leather armour (worn)
Jewellery
 e - an amulet of guardian spirit (around neck)
 g - a ring of protection from cold (left claw)
Wands
 p - a wand of flame (14)
 t - a wand of charming (1)
Scrolls
 a - a scroll of noise {unknown}
 d - 7 scrolls of identify {unknown}
 f - 5 scrolls of teleportation {unknown}
 h - 2 scrolls of enchant weapon {unknown}
 i - a scroll of vulnerability {unknown}
 j - 2 scrolls of fog {unknown}
 k - 2 scrolls of magic mapping {unknown}
 n - a scroll of enchant armour {unknown}
 q - 2 scrolls of fear {unknown}
Potions
 c - a potion of mutation
 m - 2 potions of flight


   Skills:
 + Level 4.8 Fighting
 - Level 4.0 Armour
 + Level 3.0 Dodging
 - Level 4.0 Shields
 * Level 5.0 Unarmed Combat
 + Level 2.9 Spellcasting
 + Level 1.8 Conjurations
 + Level 3.4 Necromancy
 * Level 3.1 Transmutations
 + Level 1.9 Earth Magic
 + Level 4.3 Invocations
 + Level 2.5 Evocations


You had 13 spell levels left.
You didn't know any spells.
Your spell library contained the following spells:

 Spells                   Type           Power      Damage    Failure   Level
 Animate Skeleton         Necr           16%        N/A       32%         1
 Pain                     Necr           32%        1d5       32%         1
 Passwall                 Tmut/Erth      5%         N/A       58%         2
 Vampiric Draining        Necr           4%         2d6       69%         3
 Ignite Poison            Fire/Tmut/Pois 3%         N/A       95%         3
 Mephitic Cloud           Conj/Pois/Air  2%         N/A       97%         3
 Swiftness                Air            1%         N/A       99%         3
 Cause Fear               Hex            0%         N/A       100%        4
 Bolt of Magma            Conj/Fire/Erth 2%         4d4       100%        5
 Fireball                 Conj/Fire      1%         3d3       100%        5
 Iskenderun's Battlesphe  Conj           5%         2d6       100%        5
 Conjure Ball Lightning   Conj/Air       1%         3x3d6     100%        6
 Invisibility             Hex            0%         N/A       100%        6
 Dragon Form              Tmut           3%         N/A       100%        7
 Orb of Destruction       Conj           2%         9d1       100%        7
 Dragon's Call            Summ           0%         N/A       100%        9


Dungeon Overview and Level Annotations

Branches:
Dungeon (7/15)             Temple (1/1) D:6         Ossuary (visited)

Altars:
Ashenzari
Dithmenos
Elyvilon
Fedhas
Gozag
Hepliaklqana
Kikubaaqudgha
Nemelex Xobeh
Okawaru
Qazlal
Ru
Sif Muna
Trog
Uskayaw
Vehumet
Wu Jian
Xom
Yredelemnul
The Shining One


Innate Abilities, Weirdness & Mutations

You have claws for hands.
A weak demonic guardian rushes to your aid.
A meltable shield of frost defends you. (SH +4)
You sometimes lose the ability to read scrolls when taking damage.
You expend magic power (3 MP) to strengthen your wands.


Message History

The orc struggles against the net.
The white ugly thing tentacle-slaps you but does no damage.
Aiming: Charm
Press: ? - help, Shift-Dir - straight line, f/p - white ugly thing
Aim: a white ugly thing (chance to affect: 41%)
You feel a slight surge of power.
The white ugly thing resists with some effort.
The orc struggles against the net.
You block the white ugly thing's attack.
Aiming: Charm
Press: ? - help, Shift-Dir - straight line, f/p - white ugly thing
Aim: a white ugly thing (chance to affect: 39%)
The white ugly thing resists with some effort.
The orc struggles against the net.
You block the white ugly thing's attack.
Unknown command.
Aiming: Charm
Press: ? - help, Shift-Dir - straight line, f/p - white ugly thing
Aim: a white ugly thing (chance to affect: 35%)
The white ugly thing easily resists.
The orc struggles against the net.
The white ugly thing tentacle-slaps you.
The white ugly thing freezes you! You resist.
* * * LOW HITPOINT WARNING * * *
Aiming: Charm
Press: ? - help, Shift-Dir - straight line, f/p - white ugly thing
Aim: a white ugly thing (chance to affect: 35%)
The white ugly thing easily resists.
The orc struggles against the net.
The net rips apart, and the orc comes free!
The white ugly thing tentacle-slaps you.
* * * LOW HITPOINT WARNING * * *
A demonic guardian appears!
The white ugly thing freezes you! You resist.
* * * LOW HITPOINT WARNING * * *
Your shadow imp closely misses the white ugly thing.
Your shadow imp hits the white ugly thing but does no damage.
Aiming: Charm
Press: ? - help, Shift-Dir - straight line, f/p - white ugly thing
Aim: a white ugly thing (ally target, chance to affect: 37%)
The white ugly thing easily resists.
The white ugly thing tentacle-slaps you!
You die...

##############################
....#.....#.........#.........
....#.....'.........#.........
...##...###...##....#.........
#..########...##..5.'......[..
#.<##...........@uo.#).......>
..............##...###.###..##
...########...########'###..##
...##...###...##..............
#..##.........#...............
##'##.........'...............
#...#....##...##...###(.##..##
#..##....#######...###..##..##
#####....##...................


You could see a white ugly thing (ally target), an orc and a friendly shadow imp
(summoned).

Vanquished Creatures
  A shadow (D:7)
  A water moccasin (D:7)
  An orc warrior (D:6)
  An ice beast (D:6)
  2 ogres
  3 centaurs
  A bullfrog (D:7)
  3 scorpions
  A water moccasin zombie (D:5)
  A jelly (D:4)
  A bullfrog skeleton (D:5)
  A centaur skeleton (D:6)
  2 gnoll shamans
  An orc priest (D:6)
  2 hounds (D:4)
  An iguana (D:5)
  A scorpion zombie (D:5)
  3 orc wizards
  A hound skeleton (D:4)
  A mummy (Ossuary)
  2 howler monkey zombies
  A howler monkey skeleton (D:4)
  7 gnolls
  8 adders
  A shadow imp (D:5)
  A white imp (D:6)
  An adder skeleton (D:4)
  4 worms
  4 dart slugs
  22 orcs
  A spectral bat (Ossuary)
  6 ball pythons
  5 endoplasms
  6 giant cockroaches
  12 gnoll zombies (Ossuary)
  8 goblins
  5 hobgoblins
  12 jackals
  2 quokkas
  9 bats
  7 bat simulacra (Ossuary)
  4 frilled lizards
  A goblin simulacrum (Ossuary)
  5 goblin zombies (Ossuary)
  7 hobgoblin zombies (Ossuary)
  9 kobolds
  3 kobold simulacra (Ossuary)
  3 kobold zombies (Ossuary)
  3 orc zombies (Ossuary)
  6 rats
  2 rat simulacra (Ossuary)
  4 spectral goblins (Ossuary)
  4 spectral rats (Ossuary)
204 creatures vanquished.

Vanquished Creatures (collateral kills)
  Menkaure (D:6)
  An ogre (D:4)
  A bullfrog (D:7)
  A scorpion (D:4)
  4 orcs
  A hobgoblin (D:4)
9 creatures vanquished.

Vanquished Creatures (others)
  A sky beast (D:7)
  A scorpion (D:7)
2 creatures vanquished.

Grand Total: 215 creatures vanquished

Notes
Turn   | Place    | Note
-------+----------+-------------------------------------------
     0 | D:1      | vvl the Demonspawn Fighter began the quest for the Orb.
     0 | D:1      | Reached XP level 1. HP: 18/18 MP: 1/1
   225 | D:1      | Reached skill level 2 in Unarmed Combat
   225 | D:1      | Gained mutation: You have sharp fingernails. [demonic
                  | ancestry]
   225 | D:1      | Reached XP level 2. HP: 17/24 MP: 2/2
   631 | D:1      | Reached skill level 1 in Invocations
   651 | D:1      | Gained mutation: A meltable shield of frost defends you.
                  | (SH +4) [demonic ancestry]
   651 | D:1      | Reached XP level 3. HP: 26/29 MP: 3/3
  1094 | D:2      | Gained mutation: You have very sharp fingernails. [demonic
                  | ancestry]
  1094 | D:2      | Reached XP level 4. HP: 35/35 MP: 4/4
  1158 | D:2      | Reached skill level 1 in Necromancy
  1698 | D:2      | Reached skill level 1 in Transmutations
  2416 | D:3      | Reached skill level 1 in Dodging
  2462 | D:3      | Found a faded altar of an unknown god.
  2577 | D:3      | Gained mutation: A weak demonic guardian rushes to your
                  | aid. [demonic ancestry]
  2577 | D:3      | Reached XP level 5. HP: 36/41 MP: 6/6
  2707 | D:3      | Reached skill level 1 in Spellcasting
  3244 | D:4      | Noticed an ogre
  3409 | D:4      | Killed an ogre
  3410 | D:4      | Reached skill level 3 in Unarmed Combat
  4032 | D:4      | Reached XP level 6. HP: 13/47 MP: 7/7
  4542 | D:4      | Found a radiant altar of Vehumet.
  4763 | D:4      | Found a basalt altar of Yredelemnul.
  4935 | D:5      | Entered Level 5 of the Dungeon
  5018 | D:5      | Gained mutation: You have claws for hands. [demonic
                  | ancestry]
  5018 | D:5      | Reached XP level 7. HP: 48/53 MP: 9/9
  5056 | D:5      | Found a stormy altar of Qazlal.
  5401 | D:5      | Found a sand-covered staircase.
  5406 | Ossuary  | Entered an ossuary
  6173 | D:5      | Reached skill level 1 in Evocations
  6598 | D:5      | Reached skill level 4 in Unarmed Combat
  6774 | D:6      | Found a broken altar of Ashenzari.
  6804 | D:6      | Reached XP level 8. HP: 57/60 MP: 11/11
  7298 | D:6      | Reached skill level 1 in Earth Magic
  7552 | D:6      | Found a staircase to the Ecumenical Temple.
  7600 | Temple   | Entered the Ecumenical Temple
  8345 | D:6      | Found an iron altar of Okawaru.
  8374 | D:6      | Reached skill level 1 in Conjurations
  8550 | D:6      | Noticed Menkaure
  8562 | D:6      | HP: 3/61 [Menkaure (6)]
  8562 | D:6      | Killed Menkaure
  9032 | D:7      | Reached XP level 9. HP: 16/66 MP: 4/13
  9047 | D:7      | Reached skill level 5 in Unarmed Combat
  9433 | D:7      | Noticed a white ugly thing
  9447 | D:7      | Gained mutation: You sometimes lose the ability to read
                  | scrolls when taking damage. [potion of mutation]
  9447 | D:7      | Gained mutation: You expend magic power (3 MP) to
                  | strengthen your wands. [potion of mutation]
  9888 | D:7      | Found a shimmering blue altar of Sif Muna.
 10002 | D:7      | Found a shimmering altar of Xom.
 10103 | D:7      | Found a sparkling altar of Nemelex Xobeh.
 10103 | D:7      | Found an opulent altar of Gozag.
 10215 | D:7      | HP: 1/67 [white ugly thing (12)]
 10219 | D:7      | Mangled by a white ugly thing

Illustrated notes

Levels and vault maps discovered:
D:1:      dpeg_arrival_connections, layout_rooms, chequers_mini_garden
D:2:      layout_rooms
D:3:      layout_loops_ring, shapermc_ecumenical_altar_mp_urbaneastern,
          corner_web_ring, kennysheep_another_room, minmay_misc_feat_alley,
          chequers_serial_rivers_small_3, serial_bayou_pond_e,
          minmay_fractal_squares_gapless_5
D:4:      layout_rooms, mainiacjoe_overflow_boulevard, kennysheep_ying_yang
D:5:      layout_loops_ring, grunt_qazlal_clouds, enter_ossuary_5
D:6:      layout_loops_cross, cheibrodos_ashenzari_chains, okawaru_trees_2,
          minmay_temple_entry_offerings, uniq_menkaure
D:7:      layout_gridville, grunt_temple_overflow_opulence,
          mainiacjoe_overflow_alcove_1, lemuel_blue_sif_altar
Temple:   jpeg_temple_island

Skill      XL: |  1  2  3  4  5  6  7  8  9 |
---------------+----------------------------+-----
Unarmed Combat | 2 3 4 5 |  5.0
Invocations    | 1 2 3 4 |  4.3
Armour         | 3 4 |  4.0
Shields        | 3 4 |  4.0
Necromancy     | 1 2 3 |  3.4
Transmutations | 1 2 3 |  3.1
Dodging        | 1 2 3 |  3.0
Spellcasting   | 1 2 |  2.9
Fighting       | 4 |  4.8
Evocations     | 1 2 |  2.5
Earth Magic    | 1 |  1.9
Conjurations   | 1 |  1.8

Action                   |  1- 3 |  4- 6 |  7- 9 || total
-------------------------+-------+-------+-------++-------
Melee: Unarmed           |    19 |   214 |   336 ||   569
       Hand axe          |   120 |    68 |       ||   188
Throw: Throwing net      |       |       |     2 ||     2
Evoke: Wand              |       |       |     7 ||     7
  Use: Potion            |       |       |     8 ||     8
Armor: Scale mail        |    77 |       |       ||    77
       Ring mail         |     6 |    66 |    53 ||   125
       Leather armour    |       |       |    36 ||    36
Dodge: Dodged            |    60 |    76 |   107 ||   243
Block: Kite shield       |    97 |   178 |   260 ||   535
